 Dungeon Crawl Stone Soup version 0.29.1-2-gbd0b4ee654 (webtiles) character file.

Game seed: 17847612327184622702

193 Hadkhar the Shield-Bearer (level 6, -1/49 HPs)
             Began as a Formicid Fighter on Nov 11, 2022.
             Was an Initiate of Qazlal.
             Slain by an adder (3 damage)
             ... on level 5 of the Dungeon.
             The game lasted 00:17:13 (4206 turns).

Hadkhar the Shield-Bearer (Formicid Fighter)        Turns: 4206, Time: 00:17:14

Health: -1/49      AC:  8    Str: 22    XL:     6   Next: 3%
Magic:  6/6        EV:  9    Int:  8    God:    Qazlal [......]
Gold:   153        SH:  5    Dex: 13    Spells: 5/5 levels left

rFire   . . .      SeeInvis +   a - +0 war axe
rCold   . . .      Faith    .   c - +0 buckler
rNeg    . . .      Spirit   .   b - +0 scale mail
rPois   .          Reflect  .   (helmet unavailable)
rElec   .          Harm     .   (no cloak)
rCorr   .          Rampage  .   (no gloves)
Will    .....                   m - +0 pair of boots
Stlth   ..........              (no amulet)
HPRegen 0.16/turn               (no ring)
MPRegen 0.10/turn               (no ring)

@: lethally poisoned (-1 -> -3)
A: permanent stasis, dig shafts and tunnels, antennae 3, four strong arms
a: Dig, Shaft Self, Renounce Religion


You were on level 5 of the Dungeon.
You worshipped Qazlal.
Qazlal was noncommittal.
You visited 2 branches of the dungeon, and saw 6 of its levels.

You collected 153 gold pieces.

Inventory:

Hand Weapons
 a - a +0 war axe (weapon)
 B - a +2 dagger of flaming
Missiles
 r - 4 javelins
Armour
 b - a +0 scale mail (worn)
 c - a +0 buckler (worn)
 m - a +0 pair of boots (worn)
Jewellery
 y - an amulet of magic regeneration
Scrolls
 e - 2 scrolls of identify {unknown}
 f - a scroll of enchant armour {unknown}
 g - a scroll of noise {unknown}
 h - a scroll of silence {unknown}
 l - 2 scrolls of vulnerability {unknown}
 n - a scroll of enchant weapon {unknown}
 o - 4 scrolls of amnesia
 q - 2 scrolls of poison {unknown}
 s - a scroll of teleportation {unknown}
 w - a scroll of brand weapon {unknown}
 z - a scroll of fear {unknown}
Potions
 d - a potion of might
 i - 2 potions of heal wounds {unknown}
 j - 2 potions of flight {unknown}
 k - a potion of berserk rage {unknown}
 p - 2 potions of curing {unknown}
 t - a potion of mutation {unknown}
 u - a potion of invisibility {unknown}
 v - 2 potions of haste {unknown}
 x - 2 potions of resistance {unknown}
 A - a potion of lignification {unknown}


   Skills:
 + Level 4.4 Fighting
 + Level 3.2 Axes
 + Level 4.4 Armour
 + Level 5.4 Shields


You had 5 spell levels left.
You didn't know any spells.
Your spell library contained the following spells:

 Spells                   Type           Power      Damage    Failure   Level
 Poisonous Vapours        Pois/Air       0%         N/A       90%         2
 Gell's Gravitas          Tloc           0%         N/A       99%         3
 Lesser Beckoning         Tloc           0%         N/A       99%         3
 Teleport Other           Tloc           0%         N/A       99%         3
 Corpse Rot               Necr/Pois/Air  0%         N/A       100%        4


Dungeon Overview and Level Annotations

Branches:
Dungeon (5/15)             Temple (1/1) D:4

Altars:
Ashenzari
Cheibriados
Dithmenos
Elyvilon
Fedhas
Gozag
Hepliaklqana
Kikubaaqudgha
Makhleb
Nemelex Xobeh
Okawaru
Qazlal
Ru
Sif Muna
Trog
Vehumet
Wu Jian
Xom
Yredelemnul
Zin

Annotations:
D:5 Dowan, Duvessa


Innate Abilities, Weirdness & Mutations

You cannot be hasted, slowed, berserked, paralysed or teleported.
You can dig through walls and to a lower floor.
You have a pair of large antennae on your head. (SInv)
Your four strong arms can wield two-handed weapons with a shield.


Message History

You are poisoned.
The scorpion poisons you! The adder bites you.
You are more poisoned.
The adder poisons you!
You hit the scorpion but do no damage.
The scorpion is severely wounded.
You barely miss the adder.
You feel very sick. The scorpion stings you.
The adder bites you but does no damage.
The scorpion stings you but does no damage.
You slash the scorpion!
You kill the scorpion!
Qazlal accepts your kill.
You closely miss the adder. You slash the orc!
You kill the orc!
Qazlal accepts your kill.
You feel very sick. The adder bites you. x2
* * * LOW HITPOINT WARNING * * *
You have reached level 6!
You feel sick.
You feel sick. The adder bites you but does no damage.
You feel sick. The adder attacks as you move away!
The adder bites you but does no damage.
You feel sick.
You feel sick. The adder bites you but does no damage.
The adder attacks as you move away! You block the adder's attack.
You feel sick.
You are no longer poisoned.
The adder attacks as you move away! The adder bites you.
* * * LOW HITPOINT WARNING * * *
You are poisoned.
The adder poisons you!
You feel sick. The adder bites you.
* * * LOW HITPOINT WARNING * * *
As you read the scroll labelled CEW OWKAITU, it crumbles to dust.
It is a scroll of amnesia.
You feel forgetful for a moment.
* * * LOW HITPOINT WARNING * * *
You feel sick. The adder bites you.
You die...

# ### #. ..#
###.# #.#
#.....#.## #o
#######@.# .
~≈≈≈≈≈~SO# . .
#######..#
..##.#.....#o.#
...###.###..#
{{.#.#.o..#
#.#{#.../#
#.{.o..###
#....)....#


You could see an ogre, an adder and 2 orcs.

Vanquished Creatures
  A scorpion (D:5)
  An orc priest (D:4)
  3 adders
  3 worms
  A dart slug (D:3)
  4 orcs
  4 bats
  10 endoplasms
  2 giant cockroaches
  6 goblins
  3 hobgoblins
  2 jackals (D:1)
  8 kobolds
  A quokka (D:1)
  6 ball pythons
  A frilled lizard (D:1)
  6 rats
62 creatures vanquished.

Notes
Turn   | Place    | Note
-------+----------+-------------------------------------------
     0 | D:1      | Hadkhar the Formicid Fighter began the quest for the Orb.
     0 | D:1      | Reached XP level 1. HP: 18/18 MP: 1/1
   100 | D:1      | Reached XP level 2. HP: 7/24 MP: 2/2
   436 | D:1      | Reached XP level 3. HP: 28/29 MP: 3/3
   896 | D:2      | Found a basalt altar of Yredelemnul.
  1695 | D:2      | Found a faded altar of an unknown god.
  1998 | D:3      | Reached XP level 4. HP: 34/37 MP: 4/4
  2963 | D:4      | Reached skill level 5 in Shields
  2963 | D:4      | Reached XP level 5. HP: 34/42 MP: 5/5
  3385 | D:4      | Found a staircase to the Ecumenical Temple.
  3410 | Temple   | Entered the Ecumenical Temple
  3929 | Temple   | Became a worshipper of Qazlal Stormbringer
  4051 | D:5      | Entered Level 5 of the Dungeon
  4094 | D:5      | Noticed Duvessa
  4094 | D:5      | Noticed an acid dragon
  4094 | D:5      | Noticed Dowan
  4192 | D:5      | Noticed an ogre
  4198 | D:5      | Reached XP level 6. HP: 13/49 MP: 6/6
  4206 | D:5      | HP: 2/49 [poisoned by an adder]
  4206 | D:5      | Slain by an adder

Illustrated notes

Levels and vault maps discovered:
D:1:      saegor_arrival_miasma, layout_rooms, serial_aquarium,
          aquarium_bridge_square [aquarium_subvault_bridge,
          aquarium_subvault_bridge, aquarium_subvault_balcony,
          aquarium_subvault_wall], aquarium_window_1, aquarium_window_fake,
          aquarium_view_2c, aquarium_pool_2
D:2:      layout_loops_ring, hellmonk_ecumenical_altar_heavens_door,
          basic_altar, minivault_4
D:3:      layout_basic
D:4:      layout_cave_pods, minmay_temple_entry_nine_rooms
D:5:      minmay_chambers_of_threes, layout_basic, portal_sewer_entry_d,
          serial_shops, nicolae_shop_waterfront, grunt_decor_cap, uniq_duvessa
Temple:   mainiacjoe_temple_big_plus

Skill      XL: |  1  2  3  4  5 |
---------------+----------------+-----
Fighting       | 4 |  4.4
Armour         | 4 |  4.4
Shields        | 5 |  5.4
Axes           | 3 |  3.2

Action                   |  1- 3 |  4- 6 || total
-------------------------+-------+-------++-------
Melee: War axe           |    76 |    55 ||   131
 Abil: Dig               |     1 |       ||     1
  Use: Scroll            |       |     1 ||     1
Armor: Scale mail        |    56 |    41 ||    97
Dodge: Dodged            |    45 |    14 ||    59
Block: Buckler           |    22 |    20 ||    42
